[Event "Early-Titled-Tuesday-Blitz-October-03-2023"]
[Site "Chess.com"]
[Date "2023.10.03"]
[Round "4"]
[White "chesskov1982"]
[Black "Vesper2018"]
[Result "1-0"]
[WhiteElo "2828"]
[BlackElo "2590"]
[TimeControl "180+1"]
[EndTime "8:37:15 PDT"]
[Termination "chesskov1982 won by resignation"]

1. d4 Nf6 2. c4 g6 3. Nc3 Bg7 4. e4 d6 5. Be2 O-O 6. Be3 c6 7. g4 d5 8. cxd5 cxd5 9. e5 Ne4 10. h4 Qa5 11. h5 Nc6 12. a3 Be6 13. Kf1 Nxc3 14. bxc3 Qxc3 15. Kg2 f5 16. Rc1 Qxa3 17. hxg6 hxg6 18. Nh3 fxg4 19. Ng5 Bf5 20. Bxg4 Rac8 21. Qf3 Be4 22. Be6+ 1-0

[Event "Early-Titled-Tuesday-Blitz-October-03-2023"]
[Site "Chess.com"]
[Date "2023.10.03"]
[Round "4"]
[White "Fore_Man"]
[Black "Alenzer"]
[Result "1-0"]
[WhiteElo "2262"]
[BlackElo "2095"]
[TimeControl "180+1"]
[EndTime "8:37:15 PDT"]
[Termination "Fore_Man won by checkmate"]

1. Nf3 d5 2. c4 e6 3. d4 Nf6 4. Bg5 Nbd7 5. Nc3 c6 6. e4 dxe4 7. Nxe4 Be7 8. Nxf6+ Nxf6 9. Be2 O-O 10. O-O Ne4 11. Bxe7 Qxe7 12. Bd3 Ng5 13. Ne5 f5 14. Qh5 Nf7 15. Nxf7 Qxf7 16. Qxf7+ Kxf7 17. Rfe1 Kf6 18. Rad1 b6 19. f4 Bb7 20. c5 Rad8 21. Bc4 Rfe8 22. Re5 b5 23. Bb3 a5 24. a4 Ba6 25.
Rde1 Bc8 26. d5 cxd5 27. Bxd5 bxa4 28. Bc6 Re7 29. Bxa4 Rd2 30. R1e2 Rd4 31. Bb3 Rxf4 32. c6 Ba6 33. Rxe6+ Rxe6 34. Rxe6+ Kg5 35. g3 Rb4 36.
Bd1 Rxb2 37. h4# 1-0

[Event "Early-Titled-Tuesday-Blitz-October-03-2023"]
[Site "Chess.com"]
[Date "2023.10.03"]
[Round "4"]
[White "swayamsm"]
[Black "Alexandr_Predke"]
[Result "0-1"]
[WhiteElo "2581"]
[BlackElo "2861"]
[TimeControl "180+1"]
[EndTime "8:37:16 PDT"]
[Termination "Alexandr_Predke won by resignation"]

1. d4 Nf6 2. c4 e6 3. Nc3 Bb4 4. f3 d5 5. a3 Bd6 6. e4 c5 7. cxd5 exd5 8. e5 cxd4 9. Qxd4 Nc6 10. Bb5 Qe7 11. f4 Bc5 12. Qa4 O-O 13. Nge2 Ng4 14.
Nxd5 Qh4+ 15. g3 Qh3 16. Qe4 Nf2 17. Qf3 Bg4 0-1

[Event "Early-Titled-Tuesday-Blitz-October-03-2023"]
[Site "Chess.com"]
[Date "2023.10.03"]
[Round "4"]
[White "Ducke13"]
[Black "Aradhya2000"]
[Result "0-1"]
[WhiteElo "2510"]
[BlackElo "2695"]
[TimeControl "180+1"]
[EndTime "8:37:22 PDT"]
[Termination "Aradhya2000 won by checkmate"]

1. d4 d5 2. g3 Nf6 3. Nf3 Bf5 4. c4 e6 5. Nc3 c6 6. Nh4 Be4 7. f3 Bg6 8. Qb3 Qd7 9. Be3 Be7 10. Nxg6 hxg6 11. O-O-O a5 12. Bf2 a4 13. Qc2 a3 14. b3 Na6 15. e4 Nb4 16. Qd2 dxe4 17. fxe4 Ng4 18. Bg1 O-O 19. Be2 Nf6 20. Kb1 Rfd8 21.
h4 e5 22. d5 b5 23. h5 gxh5 24. cxb5 cxd5 25. Nxd5 Nxe4 26. Nxe7+ Qxe7 27. Qe3 Rxd1+ 28. Bxd1 Rd8 29. Bxh5 Nd2+ 30. Ka1 Nc2# 0-1

[Event "Early-Titled-Tuesday-Blitz-October-03-2023"]
[Site "Chess.com"]
[Date "2023.10.03"]
[Round "4"]
[White "NovozhilovSemen"]
[Black "igorkovalenko"]
[Result "0-1"]
[WhiteElo "2585"]
[BlackElo "2862"]
[TimeControl "180+1"]
[EndTime "8:37:23 PDT"]
[Termination "igorkovalenko won by resignation"]

1. d4 Nf6 2. Nf3 g6 3. Nc3 Bg7 4. e4 d6 5. Be3 Ng4 6. Bg5 h6 7. h3 hxg5 8. Nxg5 e5 9. Nf3 exd4 10.
Nxd4 Ne5 11. Be2 Nbc6 12. Nb3 Be6 13. O-O Bxh3 14. f4 Qh4 15. Qe1 Qxe1 16. Raxe1 Be6 17.
fxe5 Bxe5 18. Nd5 O-O-O 19. c3 Rh4 20. Bd3 Rdh8 21. Re3 f5 22. Nd2 f4 23. Ree1 g5 24.
Nf3 R4h5 25. Bb5 g4 26. Nxe5 g3 0-1

[Event "Early-Titled-Tuesday-Blitz-October-03-2023"]
[Site "Chess.com"]
[Date "2023.10.03"]
[Round "4"]
[White "Martial2008"]
[Black "Zhigalko_Sergei"]
[Result "0-1"]
[WhiteElo "2597"]
[BlackElo "2931"]
[TimeControl "180+1"]
[EndTime "8:37:26 PDT"]
[Termination "Zhigalko_Sergei won by resignation"]

1. e4 c5 2. Nf3 Nc6 3. d4 cxd4 4.
Nxd4 Nf6 5. Nc3 e5 6. Ndb5 d6 7. Bg5 a6 8. Na3 b5 9. Nd5 Be7 10. Bxf6 Bxf6 11. c3 Bg5 12. Nc2 Ne7 13. Ncb4 O-O 14.
h4 Bh6 15. Nxe7+ Qxe7 16. Nd5 Qb7 17. Be2 Be6 18. O-O f5 19. Bf3 Bxd5 20. Qxd5+ Qxd5 21. exd5 Rab8 22. Be2 a5 23. a3 e4 24. f4 g6 25. g3 Bg7 26. Rfc1 Rfc8 27. Kf2 Rc5 28. Rd1 b4 29. cxb4 axb4 30. axb4 Rc2 31. Rdc1 Rxb2 32. Ra7 Bd4+ 0-1

[Event "Early-Titled-Tuesday-Blitz-October-03-2023"]
[Site "Chess.com"]
[Date "2023.10.03"]
[Round "4"]
[White "Grischuk"]
[Black "twofoxniel"]
[Result "1-0"]
[WhiteElo "2998"]
[BlackElo "2605"]
[TimeControl "180+1"]
[EndTime "8:37:29 PDT"]
[Termination "Grischuk won by resignation"]

1. Nf3 d5 2. d4 c6 3. Bg5 Nf6 4. e3 Ne4 5. Bh4 Bf5 6. c4 Qb6 7. Qc1 e6 8. Nbd2 Nd7 9. Be2 Be7 10. Bxe7 Kxe7 11. O-O Rhe8 12. Nxe4 Bxe4 13. Nd2 Bg6 14.
Qc3 Kf8 15. b4 Kg8 16. Nb3 dxc4 17. Bxc4 e5 18. Rfd1 exd4 19. Rxd4 Ne5 20. Be2 h6 21. Rad1 Re7 22. a4 Bf5 23. h3 Rae8 24. Nc5 Bc8 25. Ne4 Rf8 26. Nd6 Qc7 27. f4 Ng6 28. Bh5 Nh4 29.
e4 Be6 30. Qg3 Ng6 31. f5 1-0

[Event "Early-Titled-Tuesday-Blitz-October-03-2023"]
[Site "Chess.com"]
[Date "2023.10.03"]
[Round "4"]
[White "dropstoneDP"]
[Black "Witik"]
[Result "1-0"]
[WhiteElo "3126"]
[BlackElo "2841"]
[TimeControl "180+1"]
[EndTime "8:37:30 PDT"]
[Termination "dropstoneDP won by resignation"]

1. e4 c6 2. d4 d5 3. e5 Bf5 4.
Nf3 e6 5. Be2 Nd7 6. O-O Bg6 7. a4 Nh6 8. a5 Nf5 9. a6 b6 10. c4 dxc4 11. Bxc4 b5 12. Bd3 Be7 13.
Nc3 O-O 14. g4 Nxd4 15. Nxd4 Bxd3 16. Nxc6 Qe8 17. Qxd3 b4 18. Ne4 Nb6 19. Nxe7+ Qxe7 20. Bg5 f6 21. exf6 gxf6 22. Bh4 Nd5 23. Bg3 Qg7 24. h3 h5 25. Nc5 Qf7 26. Rad1 Rad8 27. Qe2 e5 28. gxh5 Kh8 29. Kh2 Rc8 30. Ne4 b3 31.
Qb5 Rfd8 32. Qxb3 1-0

[Event "Early-Titled-Tuesday-Blitz-October-03-2023"]
[Site "Chess.com"]
[Date "2023.10.03"]
[Round "4"]
[White "Orest_Vovk"]
[Black "Artemiki"]
[Result "1-0"]
[WhiteElo "2532"]
[BlackElo "2240"]
[TimeControl "180+1"]
[EndTime "8:37:40 PDT"]
[Termination "Orest_Vovk won on time"]

1. g4 d5 2. h3 c6 3. Bg2 e5 4. d4 e4 5. c4 Nf6 6. Nc3 Bb4 7.
Qb3 a5 8. cxd5 Nxd5 9. Bxe4 Be6 10. Qc2 Nxc3 11. bxc3 Qxd4 12. Bd2 Qf6 13. g5 Qe7 14. cxb4 axb4 15. Nf3 O-O 16. O-O Rxa2 17. Rxa2 b3 18. Bxh7+ Kh8 19. Qe4 g6 20. Qh4 f6 21.
Bxg6+ Kg8 22. Bb4 c5 23. Bxc5 1-0

[Event "Early-Titled-Tuesday-Blitz-October-03-2023"]
[Site "Chess.com"]
[Date "2023.10.03"]
[Round "4"]
[White "azikom"]
[Black "OchsenfroschGambit"]
[Result "0-1"]
[WhiteElo "2580"]
[BlackElo "2427"]
[TimeControl "180+1"]
[EndTime "8:37:40 PDT"]
[Termination "OchsenfroschGambit won by checkmate"]

1. c4 c5 2. Nc3 g6 3. g3 Bg7 4. Bg2 Nc6 5. h4 h6 6. d3 d6 7. h5 g5 8. f4 gxf4 9. Bxf4 Nf6 10. Qd2 Ng4 11. Nh3 Nd4 12. O-O-O Rb8 13. Kb1 a6 14. Rhf1 b5 15. e3 Nf5 16. Bc6+ Bd7 17. Bxd7+ Qxd7 18. e4 Nd4 19. Nf2 Nh2 20. Rh1 Nhf3 21. Qe3 bxc4 22. dxc4 Qb7 23. Qc1 Ne2 24.
Nxe2 Bxb2 25. Qxb2 Qxb2# 0-1

[Event "Early-Titled-Tuesday-Blitz-October-03-2023"]
[Site "Chess.com"]
[Date "2023.10.03"]
[Round "4"]
[White "Darko-Dimitrijevic"]
[Black "Zavgorodniy_Sergiy"]
[Result "0-1"]
[WhiteElo "2200"]
[BlackElo "2610"]
[TimeControl "180+1"]
[EndTime "8:37:47 PDT"]
[Termination "Zavgorodniy_Sergiy won by resignation"]

1. c4 Nf6 2. g3 e5 3. Bg2 c6 4. Nc3 d5 5. cxd5 cxd5 6. Qb3 Nc6 7. Nxd5 Nd4 8. Nxf6+ Qxf6 9. Qd1 Bf5 10. e4 Qc6 11. Kf1 Bxe4 12. Bxe4 Qxe4 13. f3 Qd3+ 14. Kg2 Rc8 15.
b3 Rc2 16. Nh3 Bd6 17. Nf2 Qg6 18. Re1 O-O 19. d3 Rfc8 20. Bd2 f5 21. b4 h6 22. a4 Qf7 23. b5 Qd5 24. Rb1 Rxd2 25. Qxd2 Nxf3 0-1

[Event "Early-Titled-Tuesday-Blitz-October-03-2023"]
[Site "Chess.com"]
[Date "2023.10.03"]
[Round "4"]
[White "ChessRespected"]
[Black "MatyChess1"]
[Result "0-1"]
[WhiteElo "2526"]
[BlackElo "2738"]
[TimeControl "180+1"]
[EndTime "8:37:48 PDT"]
[Termination "MatyChess1 won by resignation"]

1. d4 c6 2. e4 d5 3. Nd2 dxe4 4. Nxe4 Nf6 5. Nxf6+ exf6 6. c3 Bd6 7. Bd3 O-O 8.
Qc2 Re8+ 9. Ne2 h5 10. O-O Nd7 11. Ng3 Qc7 12. Nxh5 Bxh2+ 13. Kh1 Bd6 14. Bh6 gxh6 15.
Bc4 Kf8 16. Qh7 Nb6 17. Rae1 Be6 18. Qg7+ Ke7 19. Bb3 Kd8 20. Bxe6 fxe6 21. Qxf6+ Qe7 22. Qxh6 Qh4+ 0-1

[Event "Early-Titled-Tuesday-Blitz-October-03-2023"]
[Site "Chess.com"]
[Date "2023.10.03"]
[Round "4"]
[White "kidagent"]
[Black "ChampStan"]
[Result "1-0"]
[WhiteElo "2266"]
[BlackElo "2102"]
[TimeControl "180+1"]
[EndTime "8:37:49 PDT"]
[Termination "kidagent won by resignation"]

1. c4 Nf6 2. g3 d5 3. cxd5 Nxd5 4. Nf3 g6 5. Bg2 Bg7 6. O-O O-O 7. Nc3 Nxc3 8. dxc3 c6 9. Bf4 Bf5 10. Nd4 Bxd4 11.
cxd4 Nd7 12. Bh6 Re8 13. e4 Be6 14. d5 cxd5 15. exd5 Bf5 16. g4 Bxg4 17. Qxg4 Nf6 18. Qf3 Qd7 19. Rad1 Rac8 20. Bh3 Qd6 21. Bxc8 Rxc8 22.
Rfe1 Rc5 23. Bf4 Qd7 24. Bg5 Nxd5 25. Bxe7 Rb5 26. Re5 Qxe7 27. Rxe7 Nxe7 28. Qf6 1-0

[Event "Early-Titled-Tuesday-Blitz-October-03-2023"]
[Site "Chess.com"]
[Date "2023.10.03"]
[Round "4"]
[White "vugarrasulov"]
[Black "Zablotsky"]
[Result "1-0"]
[WhiteElo "2949"]
[BlackElo "2728"]
[TimeControl "180+1"]
[EndTime "8:37:51 PDT"]
[Termination "vugarrasulov won by resignation"]

1. d4 d6 2. Nf3 g6 3. e4 Bg7 4.
Bd3 Nc6 5. c3 e5 6. Be3 Nf6 7. O-O O-O 8. Nbd2 Ng4 9. Bg5 Bf6 10.
Bxf6 Nxf6 11. Re1 Re8 12. d5 Ne7 13. c4 Nh5 14. Bf1 a5 15. Nb1 f5 16. Nc3 f4 17.
a3 b6 18. b4 Bd7 19. c5 axb4 20. axb4 bxc5 21. bxc5 Rxa1 22. Qxa1 Qa8 23. c6 Bg4 24. Nd2 f3 25. gxf3 Qc8 26. Ba6 Qd8 27. fxg4 Nxc6 28.
dxc6 Qg5 29. Qd1 Nf4 30. Bf1 Rf8 31. Nd5 Ne6 32. Bg2 Nd4 33. Nf3 Nxf3+ 34. Bxf3 h5 35.
Re3 Qh4 36. Qe2 Ra8 37. Bg2 Ra1+ 38. Bf1 hxg4 39. Rg3 Rc1 40. Rxg4 Qh3 41. Rxg6+ Kh7 42. Rg3 Qh4 43. Qf3 Qf6 1-0

[Event "Early-Titled-Tuesday-Blitz-October-03-2023"]
[Site "Chess.com"]
[Date "2023.10.03"]
[Round "4"]
[White "Zohid6"]
[Black "LikeWater"]
[Result "1-0"]
[WhiteElo "2797"]
[BlackElo "2568"]
[TimeControl "180+1"]
[EndTime "8:37:51 PDT"]
[Termination "Zohid6 won by checkmate"]

1. d4 g6 2. e4 Bg7 3. Nc3 d6 4. f4 a6 5. Nf3 b5 6. Bd3 Nd7 7. e5 Nh6 8. Be4 Rb8 9. h4 c5 10. h5 b4 11. Ne2 Bb7 12. Bxb7 Rxb7 13. hxg6 hxg6 14. Qd3 cxd4 15. e6 Nc5 16. exf7+ Nxf7 17. Rxh8+ Nxh8 18. Qc4 Nf7 19. Nexd4 Qa5 20. Bd2 Bf6 21.
O-O-O Qb6 22. Rh1 Ne4 23. Qc8+ Nd8 24. Ne6 Rb8 25. Nc7+ Kf7 26. Qd7 Nxd2 27. Qe8+ Kg7 28. Qh8+ Kf7 29. Rh7+ Bg7 30. Qxg7# 1-0

[Event "Early-Titled-Tuesday-Blitz-October-03-2023"]
[Site "Chess.com"]
[Date "2023.10.03"]
[Round "4"]
[White "BeautiFullMindChess"]
[Black "JosefineHeinemann"]
[Result "1-0"]
[WhiteElo "2379"]
[BlackElo "2513"]
[TimeControl "180+1"]
[EndTime "8:37:53 PDT"]
[Termination "BeautiFullMindChess won by resignation"]

1. e4 e6 2. d4 d5 3. exd5 exd5 4.
Nf3 Nf6 5. Bd3 Bd6 6. Qe2+ Qe7 7. Qxe7+ Bxe7 8. Bf4 c6 9. O-O O-O 10. Re1 Re8 11.
Nbd2 Bg4 12. Ne5 Bh5 13. Re3 Nbd7 14. Nxd7 Nxd7 15. Rae1 Kf8 16. Bxh7 Bg6 17. Bxg6 fxg6 18. Rxe7 Rxe7 19. Bd6 Re8 20. Nf3 Kf7 21. Bxe7 Rxe7 22.
Rxe7+ Kxe7 23. Ne5 Nxe5 24. dxe5 Ke6 25. f4 g5 26. g3 gxf4 27. gxf4 Kf5 28. h4 g6 29. Kf2 c5 30. Ke3 b5 31. b4 1-0

[Event "Early-Titled-Tuesday-Blitz-October-03-2023"]
[Site "Chess.com"]
[Date "2023.10.03"]
[Round "4"]
[White "Henryk_S"]
[Black "RamonManon0g"]
[Result "0-1"]
[WhiteElo "2132"]
[BlackElo "2272"]
[TimeControl "180+1"]
[EndTime "8:37:55 PDT"]
[Termination "RamonManon0g won on time"]

1. e4 c5 2. Nf3 d6 3. d4 cxd4 4. Qxd4 Nc6 5. Bb5 Bd7 6. Bxc6 Bxc6 7. c4 f5 8. exf5 Bxf3 9. gxf3 Qa5+ 10. Nc3 Qxf5 11.
Qe4 Qd7 12. Bg5 Nf6 13. Bxf6 gxf6 14. Nd5 O-O-O 15. Rc1 Kb8 16. Ke2 f5 17. Qd4 e5 18.
Qd3 e4 19. fxe4 fxe4 20. Qg3 Bh6 21. Rc2 Qf5 22. Rd1 Rhg8 23. Qa3 e3 24. Nxe3 Bxe3 0-1

[Event "Early-Titled-Tuesday-Blitz-October-03-2023"]
[Site "Chess.com"]
[Date "2023.10.03"]
[Round "4"]
[White "temus_galaktionov"]
[Black "vladjianu"]
[Result "1-0"]
[WhiteElo "2856"]
[BlackElo "2629"]
[TimeControl "180+1"]
[EndTime "8:38:05 PDT"]
[Termination "temus_galaktionov won by resignation"]

1. d4 Nf6 2. Nf3 e6 3. c4 d5 4. Nc3 a6 5. cxd5 exd5 6. Bg5 Be6 7. e3 Nbd7 8. Bd3 Bd6 9. h3 c6 10. O-O O-O 11. Qd2 Qc7 12. Rfc1 Rfe8 13. Bf4 Nb6 14.
Bxd6 Qxd6 15. Ne5 Nfd7 16. Nxd7 Bxd7 17. b3 Re7 18. a4 Rae8 19. Rab1 Qb4 20. Ne4 Qxd2 21. Nxd2 Ra8 22. a5 Nc8 23. b4 Nd6 24.
Nb3 Bf5 25. Bxf5 Nxf5 26. Nc5 Nd6 27. g4 h5 28. Kg2 hxg4 29. hxg4 g6 30. Rh1 Kg7 31.
Rh3 Rh8 32. Rbh1 Rxh3 33. Rxh3 Ne4 34. Kf3 Nd2+ 35. Kf4 Ne4 36. Rh2 Nc3 37. f3 f5 38.
gxf5 gxf5 39. Nd3 Kf6 40. Ne5 Rg7 41. Rh6+ Ke7 42. Kxf5 Nd1 43. Kf4 Nb2 44. e4 dxe4 45. Kxe4 Nd1 46. f4 Nc3+ 47. Kf3 Nd5 48. f5 Rg5 49.
Ke4 Rg1 50. Rh7+ Kf6 51. Nd7+ 1-0

[Event "Early-Titled-Tuesday-Blitz-October-03-2023"]
[Site "Chess.com"]
[Date "2023.10.03"]
[Round "4"]
[White "Rital44"]
[Black "CheckThis4"]
[Result "0-1"]
[WhiteElo "2514"]
[BlackElo "2697"]
[TimeControl "180+1"]
[EndTime "8:38:05 PDT"]
[Termination "CheckThis4 won by resignation"]

1. d4 Nf6 2. c4 g6 3. Nf3 Bg7 4. Nc3 d5 5. Bg5 Ne4 6. Bh4 Nxc3 7. bxc3 dxc4 8. e3 b5 9. Qb1 c6 10. Be2 O-O 11. O-O a6 12. a4 Nd7 13. Qb4 Nf6 14. Ne5 Nd5 15. Qb2 Bxe5 16. dxe5 Qc7 17. Bg3 Be6 18. e4 Nb6 19. f4 Nxa4 20. Rxa4 bxa4 21. f5 Rab8 22. Qa3 Qb6+ 23. Bf2 Qb2 24. Qxe7 Qxe2 25. fxe6 fxe6 26. Qxe6+ Rf7 27. Qd6 Rbf8 28. Qe6 a3 29.
h4 a2 30. h5 a1=Q 31. Rxa1 Qxf2+ 32. Kh1 Qh4+ 33. Kg1 Qxh5 34. Qxc6 Qxe5 0-1

[Event "Early-Titled-Tuesday-Blitz-October-03-2023"]
[Site "Chess.com"]
[Date "2023.10.03"]
[Round "4"]
[White "NMJeevanK"]
[Black "RobertoJBM"]
[Result "0-1"]
[WhiteElo "2522"]
[BlackElo "2806"]
[TimeControl "180+1"]
[EndTime "8:38:08 PDT"]
[Termination "RobertoJBM won by resignation"]

1. e4 c6 2. d4 d5 3. exd5 cxd5 4.
Bd3 Nc6 5. c3 g6 6. Nf3 Bf5 7.
O-O Bxd3 8. Qxd3 Nf6 9. Nbd2 Bg7 10. Re1 O-O 11. Ne5 Nxe5 12. dxe5 Ne8 13. e6 fxe6 14. Rxe6 Nc7 15. Re1 e5 16. Nb3 Qd6 17. Be3 b6 18. Rad1 Rad8 19. Bg5 Rd7 20. Qh3 Rdf7 21. Bh4 Qc6 22.
Bg3 Rf5 23. Qh4 h5 24. Qe7 R8f7 25. Qd8+ Kh7 26. Qh4 a5 27. Nc1 Ne6 28. Nd3 e4 29. Nc1 Bf6 30. Qh3 Ng5 31. Qxf5 gxf5 32. Ne2 Ne6 33. Nf4 Nxf4 34. Bxf4 Rd7 35. Re2 Kg6 36. g3 Bg5 37. Be5 Bf6 38. Bf4 b5 39. h4 Kf7 40.
Red2 Ke6 41. Kg2 Be5 42. Be3 Qc4 43. a3 Qc7 44. Bd4 Bxd4 45. Rxd4 f4 0-1

[Event "Early-Titled-Tuesday-Blitz-October-03-2023"]
[Site "Chess.com"]
[Date "2023.10.03"]
[Round "4"]
[White "mmDarko"]
[Black "Better_Chess_Faster"]
[Result "1-0"]
[WhiteElo "2298"]
[BlackElo "2015"]
[TimeControl "180+1"]
[EndTime "8:38:08 PDT"]
[Termination "mmDarko won by resignation"]

1. d4 f5 2. Nf3 Nf6 3. g3 e6 4.
Bg2 d5 5. O-O Bd6 6. b3 O-O 7.
Ba3 b6 8. Bxd6 cxd6 9. c4 Bb7 10. Nbd2 dxc4 11. bxc4 Nbd7 12. Ng5 Qe7 13. Bxb7 Rab8 14. Bg2 h6 15. Ngf3 e5 16. dxe5 dxe5 17. Nb3 f4 18. Rc1 e4 19. Nfd4 e3 20. Nc6 exf2+ 21. Rxf2 Qe3 22.
Qd3 Rbe8 23. Qxe3 fxe3 24. Rff1 Re6 25. Nxa7 Ra8 26. Bxa8 Ng4 27. Bd5 Kh7 28. Bxe6 Ndf6 29. Bxg4 Nxg4 30. Nc8 Nf2 31. Rxf2 exf2+ 32. Kxf2 g5 33.
Nxb6 Kg6 34. c5 Kf6 35. c6 Ke7 36. c7 Kd6 37. c8=Q 1-0

[Event "Early-Titled-Tuesday-Blitz-October-03-2023"]
[Site "Chess.com"]
[Date "2023.10.03"]
[Round "4"]
[White "MAGMAchess02"]
[Black "ural58"]
[Result "0-1"]
[WhiteElo "2348"]
[BlackElo "2515"]
[TimeControl "180+1"]
[EndTime "8:38:09 PDT"]
[Termination "ural58 won on time"]

1. Nf3 Nc6 2. d4 d5 3. g3 Bf5 4. Bg2 Nb4 5. Na3 e6 6. O-O h6 7. c3 Nc6 8. Nc2 Nf6 9. Ne3 Bh7 10. b3 Be7 11. Bb2 O-O 12. c4 Ne4 13. Ne5 Nxe5 14. dxe5 c6 15. f3 Nc5 16. Kh1 a5 17. f4 Ne4 18. f5 Bc5 19. Bd4 Qb6 20. Bxc5 Qxc5 21. Qd3 exf5 22. Nxf5 Bxf5 23. Rxf5 Nf2+ 24. Rxf2 Qxf2 25.
Rf1 Qc5 26. Qf5 Rae8 27. e4 d4 28. e6 Qxf5 29. exf5 fxe6 30. fxe6 Rxf1+ 31. Bxf1 Rxe6 0-1

[Event "Early-Titled-Tuesday-Blitz-October-03-2023"]
[Site "Chess.com"]
[Date "2023.10.03"]
[Round "4"]
[White "fabianvivasz"]
[Black "OriTaichman"]
[Result "0-1"]
[WhiteElo "2443"]
[BlackElo "2635"]
[TimeControl "180+1"]
[EndTime "8:38:10 PDT"]
[Termination "OriTaichman won by checkmate"]

1. e4 c5 2. Nf3 Nc6 3. d4 cxd4 4. Nxd4 d5 5. Bb5 dxe4 6. Nxc6 Qxd1+ 7. Kxd1 a6 8. Ba4 Bd7 9. Nc3 Bxc6 10. Bxc6+ bxc6 11. Nxe4 f5 12. Ng3 g6 13. Bf4 O-O-O+ 14. Kc1 Bg7 15. Re1 Rd5 16. Bd2 Bxb2+ 17. Kxb2 Rxd2 18. Re6 Kd7 19. Rae1 Rxf2 20. R6e3 Rxg2 21. Ra3 Nf6 22. Rxa6 Rb8+ 23. Kc1 Nd5 24. Ra7+ Kd6 25. Ne2 e5 26. a4 Rxh2 27. a5 f4 28. c4 Ne3 29. a6 f3 30. Rf7 Rxe2 31. a7 Rc2# 0-1

[Event "Early-Titled-Tuesday-Blitz-October-03-2023"]
[Site "Chess.com"]
[Date "2023.10.03"]
[Round "4"]
[White "karinachess1"]
[Black "VovenRogel"]
[Result "0-1"]
[WhiteElo "2640"]
[BlackElo "2856"]
[TimeControl "180+1"]
[EndTime "8:38:14 PDT"]
[Termination "VovenRogel won on time"]

1. d4 Nf6 2. c4 e6 3. Nc3 Bb4 4. Qc2 c5 5. Nf3 cxd4 6. Nxd4 Nc6 7. Nxc6 bxc6 8. a3 Be7 9. e4 e5 10. Be2 O-O 11. O-O d6 12. h3 Be6 13. Bg5 Nd7 14. Be3 a5 15. Rad1 Qc7 16. Rd2 Nb6 17. Na4 Nxa4 18. Qxa4 Rab8 19. Rfd1 Rb7 20. Qc2 Rfb8 21. Qc1 h6 22. Kh1 Rb3 23. c5 d5 24. exd5 cxd5 25. Rd3 Rxb2 26. Bg4 Bxg4 27. hxg4 d4 28. Bxh6 Rb1 29.
Qxb1 Rxb1 30. Rxb1 gxh6 31. Rb5 Bxc5 32. Rd1 Bxa3 33. Rd5 Bf8 34. Re1 Bd6 35. Ra1 Bb4 0-1

[Event "Early-Titled-Tuesday-Blitz-October-03-2023"]
[Site "Chess.com"]
[Date "2023.10.03"]
[Round "4"]
[White "emeli_chess"]
[Black "APOKALIPSA13"]
[Result "1-0"]
[WhiteElo "2347"]
[BlackElo "2172"]
[TimeControl "180+1"]
[EndTime "8:38:16 PDT"]
[Termination "emeli_chess won by resignation"]

1. d4 e5 2. dxe5 Nc6 3. Nf3 Qe7 4. Nc3 Nxe5 5. Nxe5 Qxe5 6. e3 Nf6 7. Qd4 Qa5 8.
Bd2 Bb4 9. a3 Be7 10. Nb5 c5 11. Bxa5 cxd4 12. Nc7+ Kf8 13. Nxa8 dxe3 14. fxe3 b6 15.
Nxb6 axb6 16. Bxb6 Nd5 17. Bd4 Bf6 18. Bxf6 gxf6 19. Kd2 Bb7 20. Rg1 f5 21. g3 Nf6 22.
Bd3 Ne4+ 23. Bxe4 fxe4 24. Rgf1 Ke7 25. Rf5 d6 26. Raf1 Rf8 27. c4 Bc8 28. R5f4 Bb7 29. Kc3 f6 30. Kd4 Ke6 31. b4 h6 32. a4 Bc6 33. b5 Ba8 34. a5 f5 35. g4 Rg8 36.
Rxf5 Rxg4 37. Rf6+ Ke7 38. Rxh6 Rg7 39. a6 Kd7 40.
Rff6 Kc7 41. Rxd6 Rf7 42. b6+ 1-0

[Event "Early-Titled-Tuesday-Blitz-October-03-2023"]
[Site "Chess.com"]
[Date "2023.10.03"]
[Round "4"]
[White "Dixit_Nikhil"]
[Black "Vaathi_Coming"]
[Result "0-1"]
[WhiteElo "2638"]
[BlackElo "2872"]
[TimeControl "180+1"]
[EndTime "8:38:21 PDT"]
[Termination "Vaathi_Coming won by resignation"]

1. e4 e6 2. Qe2 c5 3. Nf3 Nc6 4. g3 Nf6 5. Bg2 d5 6. exd5 Nxd5 7. O-O Be7 8. Rd1 Nc7 9. c3 Bf6 10.
d4 cxd4 11. cxd4 O-O 12. Nc3 Nd5 13. Ne4 Be7 14. Ne5 Qb6 15. Qh5 g6 16. Qh6 Nxd4 17.
Bg5 Nf5 18. Qh3 f6 19. Bh6 Nxh6 20. Qxh6 fxe5 21. Rxd5 exd5 22. Ng5 Bxg5 23. Bxd5+ Be6 24. Bxe6+ Qxe6 25. Qxg5 0-1

[Event "Early-Titled-Tuesday-Blitz-October-03-2023"]
[Site "Chess.com"]
[Date "2023.10.03"]
[Round "4"]
[White "Kostya0705"]
[Black "AEMEffi"]
[Result "1-0"]
[WhiteElo "2626"]
[BlackElo "2389"]
[TimeControl "180+1"]
[EndTime "8:38:21 PDT"]
[Termination "Kostya0705 won on time"]

1. e4 e5 2. Nf3 Nc6 3. Bc4 Bc5 4. c3 Nf6 5. d4 exd4 6. b4 Be7 7. e5 Ne4 8. b5 Na5 9. Bd3 Nxc3 10. Nxc3 dxc3 11.
Qa4 c6 12. O-O cxb5 13. Qg4 g6 14. Bg5 Nc6 15. Qf4 d5 16. Bf6 Bxf6 17. exf6 Be6 18.
Rfe1 Qd7 19. Bxb5 a6 20. Bxc6 bxc6 21. Nd4 O-O-O 22. Rab1 Qc7 23. Qe3 Rhe8 24. Qxc3 c5 25. Nb3 c4 26. Nd4 Bf5 27. Nxf5 gxf5 28. Rxe8 Rxe8 29.
Qf3 Re5 30. Qa3 Kd7 31. f4 Re4 32. Qa4+ 1-0

[Event "Early-Titled-Tuesday-Blitz-October-03-2023"]
[Site "Chess.com"]
[Date "2023.10.03"]
[Round "4"]
[White "ContrVersia"]
[Black "astralpulse"]
[Result "1-0"]
[WhiteElo "2902"]
[BlackElo "2697"]
[TimeControl "180+1"]
[EndTime "8:38:22 PDT"]
[Termination "ContrVersia won on time"]

1. Nf3 d5 2. c4 e6 3. g3 Nf6 4. b3 b6 5. Bg2 Bb7 6. O-O Bd6 7. Bb2 O-O 8. Nc3 a6 9. e3 Qe7 10. a3 Nbd7 11. cxd5 exd5 12. Ne2 c5 13. d3 Rfe8 14. Nh4 Qe6 15. Nf4 Bxf4 16. gxf4 b5 17. Qf3 Rad8 18. b4 c4 19. Rad1 cxd3 20. Rxd3 Ne4 21. Bh3 Qb6 22.
Bd4 Qc7 23. Nf5 f6 24. Qg4 Nf8 25. f3 Nd6 26. Rc3 Qd7 27. Nh6+ Kh8 28. Qxd7 Nxd7 29.
Rc7 gxh6 30. Bxd7 Rf8 31. Rfc1 Rf7 32. Be6 Rxc7 33. Rxc7 1-0

[Event "Early-Titled-Tuesday-Blitz-October-03-2023"]
[Site "Chess.com"]
[Date "2023.10.03"]
[Round "4"]
[White "Let_it_be_1"]
[Black "Cheer_Down"]
[Result "1-0"]
[WhiteElo "2624"]
[BlackElo "2419"]
[TimeControl "180+1"]
[EndTime "8:38:23 PDT"]
[Termination "Let_it_be_1 won by resignation"]

1. e4 c5 2. Nf3 d6 3. d4 cxd4 4. Nxd4 Nf6 5. Nc3 a6 6. Be2 e5 7. Nb3 Be7 8. O-O O-O 9. Kh1 b6 10. a4 Bb7 11. f3 Nc6 12. Be3 Nb4 13. Bg1 d5 14. exd5 Nfxd5 15. Nxd5 Nxd5 16. Bc4 Rc8 17. Nd2 Nb4 18. Bb3 Bc5 19. Bxc5 Rxc5 20. Ne4 Bxe4 21. fxe4 Qxd1 22. Raxd1 Nxc2 23. Rxf7 Nd4 24. Rxd4 Rc1+ 25. Rf1+ Kh8 26. Rxc1 1-0

[Event "Early-Titled-Tuesday-Blitz-October-03-2023"]
[Site "Chess.com"]
[Date "2023.10.03"]
[Round "4"]
[White "marik_spb"]
[Black "LeRoidesChampions"]
[Result "0-1"]
[WhiteElo "2383"]
[BlackElo "2613"]
[TimeControl "180+1"]
[EndTime "8:38:25 PDT"]
[Termination "LeRoidesChampions won on time"]

1. e4 g6 2. d4 Bg7 3. Be3 a6 4. c4 d6 5. Nc3 c6 6. Bd3 b5 7. Nge2 Nd7 8. O-O Ngf6 9. f3 O-O 10. d5 c5 11. cxb5 Ne5 12. a4 e6 13. dxe6 Bxe6 14. Nf4 Bc4 15. Bxc4 Nxc4 16. Qe2 Nxe3 17. Qxe3 Ng4 18.
Qe2 Bd4+ 19. Kh1 Ne5 20. Nfd5 Qh4 21. b6 Kh8 22. a5 f5 23. Nc7 Rac8 24. Ne6 Rf6 25.
Nxd4 cxd4 26. Qxa6 Rcf8 27. Nd5 fxe4 28. Nxf6 exf3 29.
Qb7 Rxf6 30. a6 Ng4 31. h3 Qg3 32. Qc8+ Kg7 33. Qd7+ Kh6 0-1